 Dungeon Crawl Stone Soup version 0.23-a0-644-gb60d84b (webtiles) character file.

802 Borgoz the Chopper (level 7, -1/44 HPs)
             Began as a Gargoyle Abyssal Knight on Jan 1, 2019.
             Was a Priest of Lugonu.
             Slain by Grinder (2 damage)
             ... on level 4 of the Dungeon.
             The game lasted 00:06:20 (4576 turns).

Borgoz the Chopper (Gargoyle Abyssal Knight)        Turns: 4576, Time: 00:06:20

Health: -1/44      AC: 10    Str: 16    XL:     7   Next: 90%
Magic:  8/8        EV: 11    Int: 12    God:    Lugonu [***...]
Gold:   149        SH:  0    Dex: 11    Spells: 6/6 levels left

rFire    . . .     SeeInvis .   a - +1 hand axe
rCold    . . .     Gourm    .   (no shield)
rNeg     + . .     Faith    .   m - +0 ring mail
rPois    ∞         Spirit   .   (no helmet)
rElec    +         Reflect  .   (no cloak)
rCorr    .         Harm     .   (no gloves)
MR       +....                  (no boots)
Stlth    +.........             (no amulet)
HPRegen  0.14/turn              k - ring of protection from magic
MPRegen  0.11/turn              (no ring)

@: no status effects
A: negative energy resistance 1, electricity resistance, unbreathing,
petrification resistance, rot immunity, AC +4
a: Depart the Abyss, Bend Space, Banish, Renounce Religion


You were on level 4 of the Dungeon.
You worshipped Lugonu.
Lugonu was most pleased with you.
You were not hungry.

You visited 1 branch of the dungeon, and saw 4 of its levels.
You visited the Abyss 1 time.

You collected 149 gold pieces.

Inventory:

Hand Weapons
 a - a +1 hand axe (weapon)
Armour
 m - a +0 ring mail (worn)
Jewellery
 k - a ring of protection from magic (left hand)
 t - an uncursed ring of resist corrosion
Scrolls
 d - 3 scrolls of amnesia {unknown}
 e - 5 scrolls of identify {unknown}
 h - 8 scrolls of teleportation {unknown}
 l - a scroll of magic mapping {unknown}
 p - a scroll of enchant weapon {unknown}
 r - 2 scrolls of remove curse {unknown}
Potions
 b - a potion of haste {unknown}
 f - 3 potions of brilliance
 g - a potion of ambrosia {unknown}
 i - a potion of curing {unknown}
 j - a potion of lignification
 o - a potion of might {unknown}
 q - a potion of heal wounds {unknown}
Comestibles
 c - 7 rations


   Skills:
 + Level 5.1 Fighting
 + Level 5.8 Axes
 + Level 4.2 Armour
 + Level 2.5 Dodging
 + Level 2.1 Invocations


You had 6 spell levels left.
You didn't know any spells.
Your spell library contained the following spells:

 Spells                   Type           Power        Failure   Level  Hunger
 Confusing Touch          Hex            #.....       52%         1    ##.....
 Magic Dart               Conj           #...         52%         1    ##.....
 Blink                    Tloc           N/A          65%         2    ###....
 Call Imp                 Summ           #.......     65%         2    ###....
 Slow                     Hex            #.......     65%         2    ###....
 Confuse                  Hex            #.......     87%         3    ####...
 Conjure Flame            Conj/Fire      #.......     87%         3    ####...
 Gell's Gravitas          Tloc           #.........   87%         3    ####...
 Mephitic Cloud           Conj/Pois/Air  #.......     87%         3    ####...
 Petrify                  Tmut/Erth      #.......     99%         4    #####..
 Metabolic Englaciation   Hex/Ice        #.........   100%        5    ######.
 Yara's Violent Unravell  Hex/Tmut       #.........   100%        5    ######.


Dungeon Overview and Level Annotations

Branches:
Dungeon (4/15)
 Temple: D:4-7

Altars:
Dithmenos
Fedhas
Gozag
Makhleb
Qazlal
Ru
Zin

Annotations:
D:4 1 transporter, Grinder; MisterFreud's ghost, weakling FeBe


Innate Abilities, Weirdness & Mutations

You are resistant to torment.
Your stone body is resilient. (AC +4)
You are immune to poison.
You resist negative energy. (rN+)
You are resistant to electric shocks. (rElec)
You can survive without breathing.
You are immune to petrification.
You are immune to rotting.


Message History

* * * LOW HITPOINT WARNING * * *
You writhe in agony.
* * * LOW HITPOINT WARNING * * *
It was a potion of lignification.
You turn into a tree.
Your +0 ring mail melds into your body.
Your roots penetrate the ground.
Grinder completely misses you.
You hit Grinder.
Grinder is almost dead.
Grinder hits you.
* * * LOW HITPOINT WARNING * * *
It was a potion of cancellation.
Your magical effects are unravelling.
You feel magically purged.
You feel less wooden.
Your +0 ring mail unmelds from your body.
You feel a little less clever now. Grinder hits you.
* * * LOW HITPOINT WARNING * * *
You writhe in agony.
You die...

....#......##...##.........####..
...........>.....#..........# #..
#..........###..##........### ##.
##.........#....##.........#
#................##.......##
##....#......#..........###
##.####....#.#$.#......##
#...##.....#....5.....##
PP...##....##...@.....#
......#.#.####...........
PP.#.###### ##.#.....#.. .P...#
#..####.####. PP..## ... ..#
....# .... .## ....# #!... #.
.#### ####. ##


You could see Grinder.

Vanquished Creatures
  Menkaure (D:4)
  A phantom (D:2)
  A centaur (D:4)
  4 orc priests
  An iguana (D:4)
  A jelly (D:4)
  2 orc wizards (D:4)
  2 worker ants (D:4)
  A hound skeleton (D:4)
  4 gnolls (D:3)
  8 adders
  An ooze (D:2)
  An adder skeleton (D:4)
  2 worms (D:3)
  3 dart slugs
  12 orcs
  2 giant cockroaches
  8 goblins
  7 hobgoblins
  3 jackals (D:1)
  A quokka (D:3)
  8 bats
  5 frilled lizards
  6 kobolds
  7 rats
92 creatures vanquished.

Notes
Turn   | Place    | Note
-------+----------+-------------------------------------------
     0 | Abyss:1  | Borgoz the Gargoyle Abyssal Knight began the quest for the
                  | Orb.
     0 | Abyss:1  | Reached XP level 1. HP: 14/14 MP: 2/2
    49 | Abyss:1  | Noticed a starcursed mass
    50 | D:1      | Escaped the Abyss
   352 | D:1      | Reached XP level 2. HP: 15/19 MP: 3/3
   509 | D:1      | Reached * piety under Lugonu
   798 | D:1      | Reached skill level 1 in Dodging
   805 | D:1      | Reached XP level 3. HP: 20/24 MP: 4/4
  1143 | D:2      | Noticed a phantom
  1338 | D:2      | Killed a phantom
  1338 | D:2      | Reached XP level 4. HP: 4/29 MP: 5/5
  1338 | D:2      | Reached XP level 5. HP: 5/33 MP: 6/6
  1680 | D:2      | Found a faded altar of an unknown god.
  1807 | D:2      | Reached ** piety under Lugonu
  1860 | D:2      | Found a burning altar of Makhleb.
  1860 | D:2      | Noticed a green death
  1960 | D:3      | Found a shadowy altar of Dithmenos.
  2481 | D:3      | Reached XP level 6. HP: 3/39 MP: 7/7
  2830 | D:3      | Found a glowing silver altar of Zin.
  2830 | D:3      | Found a sacrificial altar of Ru.
  2875 | D:3      | Found a sacrificial altar of Ru.
  3509 | D:4      | Found a stormy altar of Qazlal.
  3594 | D:4      | Noticed MisterFreud's ghost (weakling FeBe)
  3595 | D:4      | Found a transporter.
  3637 | D:4      | Reached XP level 7. HP: 16/44 MP: 8/8
  3969 | D:4      | Identified the +4 great mace of Topup {antimagic, rElec rC+
                  | Int+3 Dex+2 Stlth+}
  3984 | D:3      | Reached *** piety under Lugonu
  4092 | D:3      | Reached skill level 5 in Axes
  4135 | D:4      | Reached skill level 5 in Fighting
  4372 | D:4      | Noticed Menkaure
  4385 | D:4      | Killed Menkaure
  4399 | D:4      | Found a blossoming altar of Fedhas.
  4491 | D:4      | Found an opulent altar of Gozag.
  4542 | D:4      | Noticed Grinder
  4560 | D:4      | Paralysed by Grinder for 2 turns
  4575 | D:4      | HP: 3/66 [Grinder (4)]
  4576 | D:4      | HP: 1/44 [Grinder (1)]
  4576 | D:4      | Slain by Grinder

Vault maps used:
D:1:      psy_arrival_radial02
D:2:      makhleb_altar_promises_db, chequers_ecumenical_altar_simple,
          kennysheep_generic_room_8
D:3:      grunt_dithmenos_smoke, amethyst_overflow_temple_binary,
          nicolae_ru_awakened_eye
D:4:      kennysheep_mini_moat, grunt_qazlal_clouds,
          fedhas_bush_and_centaur_altar, gammafunk_ghost_smash, first_ration,
          minmay_small_thing, uniq_grinder, uniq_menkaure

Skill      XL: |  1  2  3  4  5  6  7 |
---------------+----------------------+-----
Axes           | 2 3 4 5 |  5.8
Dodging        | 1 2 |  2.5
Fighting       | 4 5 |  5.1
Armour         | 3 4 |  4.2
Invocations    | |  2.1

Action                   |  1- 3 |  4- 6 |  7- 9 || total
-------------------------+-------+-------+-------++-------
Melee: Hand axe          |   134 |   254 |    95 ||   483
Invok: Depart the Abyss  |     1 |       |       ||     1
  Use: Potion            |       |       |     3 ||     3
  Eat: Chunk             |     1 |     8 |     3 ||    12
Armor: Leather armour    |    73 |    65 |       ||   138
       Ring mail         |       |    67 |    53 ||   120
Dodge: Dodged            |    98 |   151 |    55 ||   304

Table legend:
 A = Non-vault XP
 B = Vault XP
 C = Vault XP percentage of total XP
 D = Non-vault monster count
 E = Vault monster count
 F = Vault count percentage of total count
                 A         B        C        D         E       F
            +---------+---------+-------+---------+---------+-------
      Total |     781 |     365 |  31.8 |      88 |       4 |   4.3
            +---------+---------+-------+---------+---------+-------
        D:1 |      38 |       0 |   0.0 |      21 |       0 |   0.0
        D:2 |     202 |       0 |   0.0 |      17 |       0 |   0.0
        D:3 |     275 |       0 |   0.0 |      34 |       0 |   0.0
        D:4 |     266 |     365 |  57.8 |      16 |       4 |  20.0
            +---------+---------+-------+---------+---------+-------
